| TOP OF THE 1ST |
|
Jackson Generals batting - Pitching for Arkansas Travelers : RHP Mike Tallerico
|
|
Pitching: RHP Mike Tallerico
|
|
|
Batting: RHB Brad Robidas
|
0-0: Swinging Strike 0-1: Ball 1-1: Swinging Strike 1-2: Strikes out swinging
|
|
Batting: SHB Jose Castillo
|
0-0: Ball 1-0: Foul Ball, location: 2F 1-1: Fly out, F7 (Flyball, 7S, EV 87.5 MPH)
|
|
Batting: RHB Tony Vargas
|
0-0: Ball 1-0: Called Strike 1-1: Called Strike 1-2: Fly out, F8 (Flyball, 8RS, EV 85.0 MPH)
|
| Top of the 1st over - 0 runs, 0 hits, 0 errors, 0 left on base; Jackson 0 - Arkansas 0 |
| BOTTOM OF THE 1ST |
|
Arkansas Travelers batting - Pitching for Jackson Generals : RHP Dwain Ashford
|
|
Pitching: RHP Dwain Ashford
|
|
|
Batting: RHB Jasper Burd
|
0-0: Called Strike 0-1: Called Strike 0-2: Strikes out swinging
|
|
Batting: RHB Bjoern Waltersson
|
0-0: Ball 1-0: Ball 2-0: Ball 3-0: Called Strike 3-1: Swinging Strike 3-2: Fly out, F9 (Line Drive, 9D, EV 95.0 MPH)
|
|
Batting: RHB Andres Mendiola
|
0-0: Ball 1-0: Ball 2-0: Foul Ball, location: 2F 2-1: Ball 3-1: Called Strike 3-2: Strikes out swinging
|
| Bottom of the 1st over - 0 runs, 0 hits, 0 errors, 0 left on base; Jackson 0 - Arkansas 0 |
| TOP OF THE 2ND |
|
Jackson Generals batting - Pitching for Arkansas Travelers : RHP Mike Tallerico
|
|
Batting: RHB Harutomi Matsubara
|
0-0: Foul Ball, location: 2F 0-1: Hit by Pitch
|
|
Batting: LHB Justin Long
|
0-0: Ball 1-0: Ball 2-0: Foul Ball, location: 2F 2-1: Swinging Strike 2-2: Ball 3-2: Strikes out swinging
|
|
Batting: RHB Joe Stading
|
0-0: Ball Harutomi Matsubara steals 2nd base 1-0: Ball 2-0: Ball 3-0: Called Strike 3-1: Swinging Strike 3-2: Foul Ball, location: 2F 3-2: Strikes out swinging
|
|
Batting: RHB Robby Cuellar
|
0-0: Called Strike 0-1: Ball 1-1: Ball 2-1: Swinging Strike 2-2: Strikes out looking
|
| Top of the 2nd over - 0 runs, 0 hits, 0 errors, 1 left on base; Jackson 0 - Arkansas 0 |
| BOTTOM OF THE 2ND |
|
Arkansas Travelers batting - Pitching for Jackson Generals : RHP Dwain Ashford
|
|
Batting: LHB Matt Calitri
|
0-0: Ball 1-0: Ball 2-0: Ball 3-0: Base on Balls
|
|
Batting: RHB Oren Jones
|
0-0: SINGLE (Line Drive, 4M, EV 97.5 MPH) Matt Calitri to second
|
|
Batting: RHB Luis Romero
|
0-0: Grounds into double play, 6-4-3 (Groundball, 56, EV 84.4 MPH) Matt Calitri to third
|
|
Batting: LHB Barrfhionn O'Toole
|
0-0: Ball 1-0: Foul Ball, location: 2F 1-1: Foul Ball, location: 2F 1-2: Fly out, F7 (Flyball, 7D, EV 94.4 MPH)
|
| Bottom of the 2nd over - 0 runs, 1 hit, 0 errors, 1 left on base; Jackson 0 - Arkansas 0 |
| TOP OF THE 3RD |
|
Jackson Generals batting - Pitching for Arkansas Travelers : RHP Mike Tallerico
|
|
Batting: SHB Detlef Oursler
|
0-0: Ball 1-0: Ball 2-0: SINGLE (Groundball, 34S, EV 68.1 MPH) (infield hit)
|
|
Batting: RHB Kikuo Sato
|
0-0: Called Strike Detlef Oursler steals 2nd base 0-1: Ball 1-1: Ground out 1-3 (Groundball, 34S, EV 69.4 MPH) Detlef Oursler to third
|
|
Batting: RHB Brad Robidas
|
0-0: Ball 1-0: Fly out, F2 (Popup, 15S, EV 83.1 MPH)
|
|
Batting: SHB Jose Castillo
|
0-0: Called Strike 0-1: Ball 1-1: DOUBLE (Line Drive, 8RD, EV 104.4 MPH) Detlef Oursler scores
|
|
Batting: RHB Tony Vargas
|
0-0: Ball 1-0: Called Strike 1-1: Foul Ball, location: 2F 1-2: Ball 2-2: Ball 3-2: SINGLE (Groundball, 34D, EV 103.8 MPH) Jose Castillo to third Runner from 3rd tries for Home, throw by RF and OUT! 9-2
|
| Top of the 3rd over - 1 run, 3 hits, 0 errors, 1 left on base; Jackson 1 - Arkansas 0 |
| BOTTOM OF THE 3RD |
|
Arkansas Travelers batting - Pitching for Jackson Generals : RHP Dwain Ashford
|
|
Batting: LHB Jorge Zermeno
|
0-0: Foul Ball, location: 2F 0-1: Ball 1-1: Called Strike 1-2: Ball 2-2: Strikes out swinging
|
|
Batting: RHB Roberto Martinez
|
0-0: Ball 1-0: Ball 2-0: Ball 3-0: Base on Balls
|
|
Batting: RHB Jasper Burd
|
0-0: Ball 1-0: Called Strike 1-1: Swinging Strike 1-2: Strikes out swinging
|
|
Batting: RHB Bjoern Waltersson
|
0-0: Ball 1-0: Called Strike 1-1: Foul Ball, location: 2F 1-2: Ball 2-2: Ground out 1-3 (Groundball, 13, EV 63.1 MPH)
|
| Bottom of the 3rd over - 0 runs, 0 hits, 0 errors, 1 left on base; Jackson 1 - Arkansas 0 |
| TOP OF THE 4TH |
|
Jackson Generals batting - Pitching for Arkansas Travelers : RHP Mike Tallerico
|
|
Batting: RHB Harutomi Matsubara
|
0-0: Ball 1-0: Ball 2-0: Foul Ball, location: 2F 2-1: Called Strike 2-2: Foul Ball, location: 2F 2-2: Foul Ball, location: 2F 2-2: Ball 3-2: Fly out, F8 (Flyball, 8LXD, EV 91.3 MPH)
|
|
Batting: LHB Justin Long
|
0-0: Ball 1-0: Called Strike 1-1: Ball 2-1: Ball 3-1: Base on Balls
|
|
Batting: RHB Joe Stading
|
0-0: Ball 1-0: Foul Ball, location: 2F 1-1: Ball 2-1: Called Strike 2-2: Foul Ball, location: 2F 2-2: Strikes out swinging
|
|
Batting: RHB Robby Cuellar
|
0-0: Swinging Strike 0-1: Swinging Strike 0-2: Strikes out swinging
|
| Top of the 4th over - 0 runs, 0 hits, 0 errors, 1 left on base; Jackson 1 - Arkansas 0 |
| BOTTOM OF THE 4TH |
|
Arkansas Travelers batting - Pitching for Jackson Generals : RHP Dwain Ashford
|
|
Batting: RHB Andres Mendiola
|
0-0: Ground out 6-3 (Groundball, 6S, EV 65.0 MPH)
|
|
Batting: LHB Matt Calitri
|
0-0: Called Strike 0-1: Called Strike 0-2: Strikes out swinging
|
|
Batting: RHB Oren Jones
|
0-0: Called Strike 0-1: Ball 1-1: Ball 2-1: Called Strike 2-2: Strikes out swinging
|
| Bottom of the 4th over - 0 runs, 0 hits, 0 errors, 0 left on base; Jackson 1 - Arkansas 0 |
| TOP OF THE 5TH |
|
Jackson Generals batting - Pitching for Arkansas Travelers : RHP Mike Tallerico
|
|
Batting: SHB Detlef Oursler
|
0-0: Bunt missed! 0-1: Ball 1-1: Ball 2-1: Ground out 4-3 (Groundball, 4, EV 83.1 MPH)
|
|
Batting: RHB Kikuo Sato
|
0-0: Ball 1-0: Ball 2-0: Ground out 5-3 (Groundball, 5, EV 86.9 MPH)
|
|
Batting: RHB Brad Robidas
|
0-0: Called Strike 0-1: Ball 1-1: Ball 2-1: Ball 3-1: Base on Balls
|
|
Batting: SHB Jose Castillo
|
0-0: Ball 1-0: Foul Ball, location: 2F 1-1: Swinging Strike 1-2: Strikes out looking
|
| Top of the 5th over - 0 runs, 0 hits, 0 errors, 1 left on base; Jackson 1 - Arkansas 0 |
| BOTTOM OF THE 5TH |
|
Arkansas Travelers batting - Pitching for Jackson Generals : RHP Dwain Ashford
|
|
Batting: RHB Luis Romero
|
0-0: Called Strike 0-1: Ball 1-1: SINGLE (Groundball, 56D, EV 107.5 MPH)
|
|
Batting: LHB Barrfhionn O'Toole
|
0-0: Ball 1-0: Called Strike 1-1: DOUBLE (Groundball, 3L, EV 104.4 MPH) Luis Romero to third
|
|
Batting: LHB Jorge Zermeno
|
0-0: Ball 1-0: Fly out, F6 (Line Drive, 4, EV 67.5 MPH) Lined into DP, U6 (Line Drive, 4, EV 66.3 MPH)
|
|
Batting: RHB Roberto Martinez
|
0-0: Swinging Strike 0-1: Ball 1-1: Ball 2-1: Foul Ball, location: 2F 2-2: Strikes out looking
|
| Bottom of the 5th over - 0 runs, 2 hits, 0 errors, 1 left on base; Jackson 1 - Arkansas 0 |
| TOP OF THE 6TH |
|
Jackson Generals batting - Pitching for Arkansas Travelers : RHP Mike Tallerico
|
|
Batting: RHB Tony Vargas
|
0-0: Ball 1-0: Foul Ball, location: 2F 1-1: Foul Ball, location: 2F 1-2: Foul Ball, location: 2F 1-2: Fly out, F8 (Line Drive, 8LD, EV 87.5 MPH)
|
|
Batting: RHB Harutomi Matsubara
|
0-0: Ground out 4-3 (Groundball, 4MS, EV 70.0 MPH)
|
|
Batting: LHB Justin Long
|
0-0: Swinging Strike 0-1: Ball 1-1: Ball 2-1: Foul Ball, location: 2F 2-2: Foul Ball, location: 2F 2-2: Ball 3-2: Base on Balls
|
|
Batting: RHB Joe Stading
|
0-0: Ball 1-0: Swinging Strike 1-1: Ball 2-1: Foul Ball, location: 2F 2-2: Ball 3-2: Ground out 4-3 (Groundball, 4, EV 85.0 MPH)
|
| Top of the 6th over - 0 runs, 0 hits, 0 errors, 1 left on base; Jackson 1 - Arkansas 0 |
| BOTTOM OF THE 6TH |
|
Arkansas Travelers batting - Pitching for Jackson Generals : RHP Dwain Ashford
|
|
Batting: RHB Jasper Burd
|
0-0: Foul Ball, location: 2F 0-1: Ball 1-1: Foul Ball, location: 2F 1-2: Strikes out looking
|
|
Batting: RHB Bjoern Waltersson
|
0-0: Called Strike 0-1: Called Strike 0-2: Ball 1-2: Strikes out swinging
|
|
Batting: RHB Andres Mendiola
|
0-0: Foul Ball, location: 2F 0-1: Foul Ball, location: 2F 0-2: Foul Ball, location: 2F 0-2: Ground out 6-3 (Groundball, 6M, EV 83.1 MPH)
|
| Bottom of the 6th over - 0 runs, 0 hits, 0 errors, 0 left on base; Jackson 1 - Arkansas 0 |
| TOP OF THE 7TH |
|
Jackson Generals batting - Pitching for Arkansas Travelers : RHP Mike Tallerico
|
|
Pitching: RHP Matt Peck
|
|
|
Batting: RHB Robby Cuellar
|
0-0: SINGLE (Line Drive, 4MD, EV 100.6 MPH)
|
|
Batting: SHB Detlef Oursler
|
0-0: Sac Bunt to 15 - play at first, batter safe! Robby Cuellar to second
|
|
Batting: RHB Kikuo Sato
|
0-0: Foul Ball, location: 2F 0-1: Called Strike 0-2: Ball 1-2: Ball 2-2: Fielders Choice at 2nd, 4-6 (Groundball, 4S, EV 79.4 MPH) Robby Cuellar to third
|
|
Batting: RHB Brad Robidas
|
0-0: Ball 1-0: Called Strike Kikuo Sato steals 2nd base 1-1: Ball 2-1: Fly out, F8 (Flyball, 8RS, EV 96.9 MPH)
|
|
Batting: SHB Jose Castillo
|
0-0: Ball 1-0: Foul Ball, location: 2F 1-1: Ball 2-1: Ball 3-1: Base on Balls
|
|
Batting: RHB Tony Vargas
|
0-0: Foul Ball, location: 2F 0-1: Foul Ball, location: 2F 0-2: Ground out 5-3 (Groundball, 56S, EV 80.0 MPH)
|
| Top of the 7th over - 0 runs, 2 hits, 0 errors, 3 left on base; Jackson 1 - Arkansas 0 |
| BOTTOM OF THE 7TH |
|
Arkansas Travelers batting - Pitching for Jackson Generals : RHP Dwain Ashford
|
|
Pitching: LHP Matt Lee
|
|
|
Batting: LHB Matt Calitri
|
0-0: Ball 1-0: Foul Ball, location: 2F 1-1: Ball 2-1: Foul Ball, location: 2F 2-2: Ball 3-2: Fly out, F7 (Flyball, 7, EV 88.8 MPH)
|
|
Batting: RHB Oren Jones
|
0-0: Ball 1-0: Ball 2-0: Ball 3-0: Base on Balls
|
|
Batting: RHB Luis Romero
|
0-0: Called Strike 0-1: Swinging Strike 0-2: Foul Ball, location: 2F 0-2: Ball 1-2: Strikes out swinging
|
|
Pinch Hitting: RHB Ben Herman
|
0-0: Ball 1-0: Called Strike 1-1: Foul Ball, location: 2F 1-2: SINGLE (Groundball, 6MS, EV 68.1 MPH) (infield hit) Oren Jones to second
|
|
Pinch Runner at 2nd Tsega Haida:
|
|
|
Batting: RHB Andy White
|
0-0: Ball 1-0: Ball 2-0: Foul Ball, location: 2F 2-1: Ball 3-1: Fly out, F9 (Line Drive, 9, EV 105.0 MPH)
|
| Bottom of the 7th over - 0 runs, 1 hit, 0 errors, 2 left on base; Jackson 1 - Arkansas 0 |
| TOP OF THE 8TH |
|
Jackson Generals batting - Pitching for Arkansas Travelers : RHP Matt Peck
|
|
Now at SS: Ben Herman
|
|
|
Now in LF: Tsega Haida
|
|
|
Now in RF: Matt Calitri
|
|
|
Batting: RHB Harutomi Matsubara
|
0-0: Ball 1-0: Ball 2-0: Ball 3-0: Base on Balls
|
|
Batting: LHB Justin Long
|
Pickoff Throw to First - Error! E1 Harutomi Matsubara to second 0-0: Intentional Walk
|
|
Batting: RHB Joe Stading
|
0-0: Ball Harutomi Matsubara steals 3rd base (no throw) 1-0: Called Strike 1-1: Foul Ball, location: 2F 1-2: Strikes out swinging
|
|
Batting: RHB Robby Cuellar
|
0-0: Ball 1-0: Called Strike 1-1: Foul Ball, location: 2F 1-2: Fielders Choice at 2nd, 6-4 (Groundball, 6M, EV 87.5 MPH) Harutomi Matsubara scores
|
|
Batting: SHB Detlef Oursler
|
0-0: Called Strike 0-1: Swinging Strike 0-2: Ball 1-2: Ground out 3-1 (Groundball, 34, EV 90.0 MPH)
|
| Top of the 8th over - 1 run, 0 hits, 1 error, 1 left on base; Jackson 2 - Arkansas 0 |
| BOTTOM OF THE 8TH |
|
Arkansas Travelers batting - Pitching for Jackson Generals : LHP Matt Lee
|
|
Pitching: RHP Aidan Martin
|
|
|
Batting: RHB Roberto Martinez
|
0-0: Called Strike 0-1: TRIPLE (Line Drive, 89XD, EV 110.6 MPH)
|
|
Batting: RHB Jasper Burd
|
0-0: Ball 1-0: Ball 2-0: Foul Ball, location: 2F 2-1: Ball 3-1: Base on Balls
|
|
Batting: RHB Bjoern Waltersson
|
0-0: Called Strike 0-1: Ball 1-1: Foul Ball, location: 2F 1-2: Strikes out looking
|
|
Batting: RHB Andres Mendiola
|
0-0: Fly out, F9 (Flyball, 9, EV 76.9 MPH) Runner from 3rd tags up, OUT at HOME! 9-2
|
| Bottom of the 8th over - 0 runs, 1 hit, 0 errors, 1 left on base; Jackson 2 - Arkansas 0 |
| TOP OF THE 9TH |
|
Jackson Generals batting - Pitching for Arkansas Travelers : RHP Matt Peck
|
|
Pitching: RHP Harambe Vick
|
|
|
Batting: RHB Kikuo Sato
|
0-0: Swinging Strike 0-1: Called Strike 0-2: Ball 1-2: Foul Ball, location: 2F 1-2: Strikes out swinging
|
|
Batting: RHB Brad Robidas
|
0-0: Called Strike 0-1: Ball 1-1: Called Strike 1-2: Ball 2-2: Ball 3-2: DOUBLE (Groundball, 5L, EV 101.9 MPH)
|
|
Pinch Runner at 2nd Hideo Okimura:
|
|
|
Batting: SHB Jose Castillo
|
0-0: Ball 1-0: Ball 2-0: Swinging Strike 2-1: Foul Ball, location: 2F 2-2: Foul Ball, location: 2F 2-2: Strikes out swinging
|
|
Batting: RHB Tony Vargas
|
0-0: Called Strike 0-1: Foul Ball, location: 2F 0-2: Ball 1-2: Foul Ball, location: 2F 1-2: Ball 2-2: Ball 3-2: Base on Balls
|
|
Batting: RHB Harutomi Matsubara
|
0-0: Ground out 4-3 (Groundball, 4, EV 85.6 MPH)
|
| Top of the 9th over - 0 runs, 1 hit, 0 errors, 2 left on base; Jackson 2 - Arkansas 0 |
| BOTTOM OF THE 9TH |
|
Arkansas Travelers batting - Pitching for Jackson Generals : RHP Aidan Martin
|
|
Pitching: RHP Victor Cervantes
|
|
|
Now at 2B: Clay Statum
|
|
|
Now at 3B: Detlef Oursler
|
|
|
Batting: LHB Matt Calitri
|
0-0: Called Strike 0-1: Ball 1-1: Foul Ball, location: 2F 1-2: Ball 2-2: Ball 3-2: Fly out, F8 (Line Drive, 8RM, EV 87.5 MPH)
|
|
Pinch Hitting: LHB Sean Corderman
|
0-0: Ball 1-0: Called Strike 1-1: Ball 2-1: Ball 3-1: Base on Balls
|
|
Batting: RHB Luis Romero
|
0-0: Ball 1-0: Ball 2-0: Called Strike 2-1: DOUBLE (Line Drive, 89D, EV 110.0 MPH) Sean Corderman to third
|
|
Batting: RHB Ben Herman
|
0-0: Called Strike 0-1: Ball 1-1: Ball 2-1: Fly out, F9 (Flyball, 9, EV 83.1 MPH)
|
|
Batting: RHB Andy White
|
0-0: Foul Ball, location: 2F 0-1: Ball 1-1: SINGLE (Groundball, 4M, EV 106.3 MPH) (infield hit) Sean Corderman scores Luis Romero to third
|
|
Batting: RHB Roberto Martinez
|
0-0: Foul Ball, location: 2F 0-1: Ball 1-1: Ball 2-1: Swinging Strike 2-2: Fly out, F7 (Flyball, 78XD, EV 101.9 MPH)
|
| Bottom of the 9th over - 1 run, 2 hits, 0 errors, 2 left on base; Jackson 2 - Arkansas 1 |
|